 Dungeon Crawl Stone Soup version 0.28-b1-25-g9875b3fc8c (webtiles) character file.

Game seed: 6883682230761311569

421 pkoi the Conjurer (level 6, 0/45 HPs)
             Began as a Draconian Conjurer on Feb 3, 2022.
             Succumbed to a kobold brigand's curare-tipped dart
             ... in a sewer.
             The game lasted 00:04:44 (4491 turns).

pkoi the Conjurer (Draconian Conjurer)              Turns: 4491, Time: 00:04:44

Health: 0/45       AC:  8    Str: 10    XL:     6   Next: 62%
Magic:  7/9        EV: 13    Int: 20    God:
Gold:   38         SH:  0    Dex:  9    Spells: 6/9 levels left

rFire   . . .      SeeInvis .   d - +0 dagger (speed)
rCold   . . .      Faith    .   (no shield)
rNeg    + . .      Spirit   .   (armour unavailable)
rPois   .          Reflect  .   (helmet restricted)
rElec   .          Harm     .   (no cloak)
rCorr   .          Rampage  .   (no gloves)
Will    .....                   j - +1 pair of boots
Stlth   ++........              (no amulet)
HPRegen 0.15/turn               e - ring of positive energy
MPRegen 0.11/turn               (no ring)

@: brilliant, lethally poisoned (0 -> -9), slowed, very slow
A: AC +6, unfitting armour, cold-blooded
a: no special abilities


You were in a sewer.
You visited 1 branch of the dungeon, and saw 3 of its levels.
You also visited: Sewer.

You collected 38 gold pieces.

Inventory:

Hand Weapons
 b - a +0 dagger
 d - a +0 dagger of speed (weapon)
Missiles
 a - 14 poisoned darts
 f - a curare-tipped dart
Armour
 j - a +1 pair of boots (worn)
Jewellery
 e - a ring of positive energy (left hand)
Wands
 l - a wand of acid (3)
Scrolls
 c - a scroll of enchant armour
 g - 2 scrolls of teleportation {unknown}
 h - a scroll of magic mapping {unknown}
 i - a scroll of torment {unknown}
 m - a scroll of fog {unknown}
Potions
 k - 2 potions of haste {unknown}
 o - a potion of might {unknown}


   Skills:
 + Level 4.7 Dodging
 - Level 1.7 Stealth
 - Level 2.0 Spellcasting
 + Level 6.3 Conjurations


You had 6 spell levels left.
You knew the following spells:

 Your Spells              Type           Power      Damage    Failure   Level
a - Magic Dart            Conj           100%       1d8       1%          1
b - Searing Ray           Conj           82%        2d7       1%          2

Your spell library contained the following spells:

 Spells                   Type           Power      Damage    Failure   Level
 Dazzling Flash           Conj/Hex       44%        N/A       13%         3
 Fulminant Prism          Conj/Hex       11%        3d9       38%         4
 Iskenderun's Mystic Bla  Conj/Tloc      22%        2d6       38%         4


Dungeon Overview and Level Annotations

Branches:
Dungeon (3/15)              Sewer (1/1)

Altars:

Shops:
D:2 (   D:3 [


Innate Abilities, Weirdness & Mutations

Your plain brown scales are hard. (AC +6)
You cannot fit into any form of body armour.
You are cold-blooded and may be slowed by cold attacks.


Message History

You have difficulty breathing.
You feel yourself slow down.
A kobold brigand is nearby!
A kobold brigand is nearby!
A kobold brigand is nearby!
You feel sick.
You start resting.
You feel sick. x3
You are no longer poisoned.
You start resting.
A kobold brigand is nearby!
The kobold brigand throws a curare-tipped dart.
The curare-tipped dart hits you.
You are poisoned.
You have difficulty breathing.
You feel as though you will be slow longer.
The kobold brigand throws a curare-tipped dart.
The curare-tipped dart hits you.
You are more poisoned.
You have difficulty breathing.
You feel as though you will be slow longer.
* * * LOW HITPOINT WARNING * * *
You feel extremely sick.
The kobold brigand hits you with a +0 club.
* * * LOW HITPOINT WARNING * * *
Casting: Magic Dart (safe; 1% risk of failure)
Confirm with . or Enter, or press ? or * to list all spells.
Aiming: Searing Ray (safe; 1% risk of failure)
Press: ? - help, Shift-Dir - straight line, f - kobold brigand
Aim: a kobold brigand, wielding a +0 club and quivering curare-tipped darts (74% to hit)
The searing ray misses the kobold brigand.
The searing ray hits the plant.
The plant begins to die.
The plant is lightly damaged. (Press . to maintain the ray.)
* * * LOW HITPOINT WARNING * * *
You feel very sick.
The kobold brigand hits you with a +0 club.
* * * LOW HITPOINT WARNING * * *
The kobold brigand hits you but does no damage.
It was a potion of brilliance.
You feel clever all of a sudden.
You die...

≈≈≈≈≈≈≈≈#≈#≈≈≈≈≈#≈#≈≈≈≈≈≈≈≈≈
≈≈≈≈≈≈≈#≈#≈≈≈≈≈#≈#≈≈≈≈≈≈≈≈≈
≈≈≈≈≈≈≈#≈#≈≈≈≈≈#≈#≈≈≈≈≈≈≈≈≈
#≈≈≈≈≈≈#≈#≈≈≈≈≈#≈#≈≈≈≈≈≈≈≈≈
#†..≈≈≈#≈#≈≈≈≈≈#≈#≈≈≈≈≈≈≈≈≈
#.≈...#≈#P≈≈≈≈#≈#≈≈≈≈≈≈≈≈≈
##≈≈≈.#÷#P.≈≈≈≈≈≈≈
#..≈≈.....########
###.≈≈≈..@≈≈≈≈≈≈≈
≈≈≈≈†P≈..PK#######
####P..≈..P≈≈ #≈..≈≈≈≈≈≈≈≈
##...≈..≈≈≈≈≈ #.####≈≈≈≈#≈
## #≈#### ###


You could see a kobold brigand.

Vanquished Creatures
  3 kobold brigands (Sewer)
  An iguana (D:2)
  Natasha (D:3)
  A gnoll (D:1)
  7 adders
  2 river rats (Sewer)
  4 dart slugs
  5 ball pythons
  7 bats
  6 endoplasms
  2 giant cockroaches (D:2)
  4 goblins
  2 hobgoblins
  8 kobolds
  2 quokkas (D:2)
  10 frilled lizards
  5 rats
70 creatures vanquished.

Vanquished Creatures (others)
  5 plants (Sewer)
5 creatures vanquished.

Grand Total: 75 creatures vanquished

Notes
Turn   | Place    | Note
-------+----------+-------------------------------------------
     0 | D:1      | pkoi the Draconian Conjurer began the quest for the Orb.
     0 | D:1      | Reached XP level 1. HP: 14/14 MP: 3/3
   240 | D:1      | Reached XP level 2. HP: 20/20 MP: 1/5
   875 | D:1      | Reached XP level 3. HP: 25/26 MP: 6/6
  1393 | D:2      | Noticed Sigmund
  1892 | D:2      | Found a faded altar of an unknown god.
  2021 | D:2      | Reached XP level 4. HP: 33/33 MP: 3/7
  2150 | D:2      | Reached skill level 5 in Conjurations
  2483 | D:2      | Found Goot's Antique Weapon Emporium.
  2489 | D:2      | Learned a level 2 spell: Searing Ray
  3144 | D:3      | Found Qiguitoa's Antique Armour Shoppe.
  3182 | D:3      | Found a glowing drain.
  3183 | D:3      | Noticed Natasha
  3196 | D:3      | Killed Natasha
  3197 | D:3      | Reached XP level 5. HP: 38/38 MP: 3/8
  3208 | Sewer    | Entered a sewer
  3686 | Sewer    | Reached skill level 6 in Conjurations
  3686 | Sewer    | Reached XP level 6. HP: 38/45 MP: 0/9
  4491 | Sewer    | Succumbed to a kobold brigand's curare-tipped dart

Illustrated notes

Levels and vault maps discovered:
D:1:      grunt_arrival_crossed_arrows, layout_rooms
D:2:      layout_loops_ring, serial_shops, nicolae_shop_behind_doors,
          shapermc_ecumenical_altar_notcrosses, uniq_sigmund
D:3:      layout_loops_ring, serial_shops, nicolae_shop_hallway_plus,
          cheibrodos_sewer_entry_drain, patterned_corridor, uniq_natasha,
          uniq_ijyb
Sewer:    sewer_co_scattered_pipes

Skill      XL: |  1  2  3  4  5 |
---------------+----------------+-----
Dodging        | 2 3 4 |  4.7
Conjurations   | 5 6 |  6.3
Stealth        | |  1.7
Spellcasting   | |  2.0

Action                   |  1- 3 |  4- 6 || total
-------------------------+-------+-------++-------
Melee: Dagger            |    59 |    59 ||   118
       Tailslap          |     4 |    10 ||    14
       Punch             |       |     3 ||     3
 Cast: Magic Dart        |    56 |    61 ||   117
       Searing Ray       |       |    10 ||    10
  Use: Scroll            |       |     3 ||     3
       Potion            |       |     2 ||     2
 Stab: Sleeping          |     1 |       ||     1
Armor: Skin              |    22 |    20 ||    42
Dodge: Dodged            |    31 |    31 ||    62
